AoeStats
← 啊超

Pilgrims

507749172Analyzed
3v3 RM · 11d ago on Sep 19, 2026· 42m 10s· 6 players
Game mode
Random Map
Map size
Normal (6 player)
Population
200
Speed
Normal
Resources
Standard
Victory
Conquest
Starting age
Dark Age
Ending age
Imperial Age
RankedLock teamsTeams togetherTeam positionsShared explorationLock speedFull tech treeHidden civsTurbo modeCheats
Victory
Defeat
🇲🇽 Persians · Mexico
1269
+14
🇨🇳 Lithuanians · China
1236
+16
🇨🇳 Italians · China
1163
+18
🇩🇪 Berbers · Germany
1228
-16
🇩🇪 Aztecs · Germany
1227
-16
🇩🇪 Huns · Germany
1225
-16
DerSchrullie
10:21 Loom
12:06 Feudal Age
16:45 Castle Age
17:54 Fishing Lines
18:04 Double-Bit Axe
21:50 Scale Barding Armor
24:35 Demolition Ship
25:21 Fletching
27:55 Padded Archer Armor
29:05 Gold Mining
30:38 Ballistics
Papa.Pawelczyk
13:50 Feudal Age
12:26 Loom
14:13 Man-at-Arms
15:20 Double-Bit Axe
15:29 Arson
16:03 Forging
15:54 Scale Mail Armor
20:05 Castle Age
18:02 Gold Mining
20:20 Horse Collar
20:42 Gambesons
20:57 Squires
20:18 Long Swordsman
20:20 Eagle Warrior
23:43 Iron Casting
23:24 Chain Mail Armor
24:10 Bow Saw
24:48 Fishing Lines
25:30 Pikeman
28:41 Wheelbarrow
FOB Nr6
10:18 Loom
13:04 Feudal Age
14:00 Double-Bit Axe
13:59 Fishing Lines
17:19 Wheelbarrow
17:22 Bloodlines
19:25 Castle Age
18:42 Bloodlines
19:11 Fletching
22:36 Thumb Ring
25:52 Padded Archer Armor
30:11 Bow Saw
37:26 Hand Cart
38:46 Scale Barding Armor
39:35 Bodkin Arrow
啊超
10:59 Feudal Age
15:52 Castle Age
14:49 Loom
21:00 Double-Bit Axe
22:30 Fletching
30:57 Imperial Age
29:52 Gold Mining
30:00 Bodkin Arrow
30:26 Padded Archer Armor
32:02 Bracer
33:48 Chemistry
33:26 Leather Archer Armor
33:35 Ballistics
37:20 Stone Mining
38:36 Pirotechnia
LY
13:00 Feudal Age
16:58 Castle Age
14:57 Double-Bit Axe
15:29 Stone Mining
15:29 Horse Collar
16:24 Gold Mining
16:21 Loom
16:22 Town Watch
18:10 Bow Saw
18:02 Heavy Plow
18:40 Wheelbarrow
19:14 Stone Shaft Mining
21:01 Fletching
25:08 Husbandry
26:55 Bloodlines
28:23 Scale Barding Armor
29:27 Forging
30:39 Chain Barding Armor
30:55 Iron Casting
36:39 Imperial Age
36:43 Elite Leitis
38:01 Plate Barding Armor
38:40 Conscription
39:23 Two-Man Saw
38:56 Crop Rotation
39:19 Hand Cart
39:06 Town Patrol
Rua
2:55 Loom
10:41 Feudal Age
12:31 Wheelbarrow
15:45 Castle Age
13:34 Double-Bit Axe
13:30 Horse Collar
13:58 Fishing Lines
17:14 Bow Saw
17:36 Heavy Plow
19:42 Medium Warships
21:17 Fletching
22:47 Pikeman
24:49 Bloodlines
25:11 Scale Barding Armor
25:17 Forging
28:27 Hand Cart
28:41 Ballistics
28:54 Demolition Ship
29:59 Gillnets
30:48 Bodkin Arrow
35:18 Imperial Age
32:36 Town Watch
33:00 Stone Mining
33:01 Gold Mining
33:17 Husbandry
34:17 Chain Barding Armor
34:33 Iron Casting
33:48 Light Cavalry
36:13 Plate Barding Armor
36:40 Two-Man Saw
36:11 Crop Rotation
36:19 Gold Shaft Mining
36:19 Stone Shaft Mining
35:23 Heavy Camel Rider
35:33 Cavalier
37:43 Blast Furnace
37:01 Savar
38:19 Capped Ram
41:41 Conscription
41:40 Siege Ram
Connection lost

Rejoining the realm…

Still unreachable

The connection could not be restored.

Session expired

The server has moved on; the page needs a fresh start.